 Dungeon Crawl Stone Soup version 0.29.1-2-gbd0b4ee654 (webtiles) character file.

Game seed: 638254577732008423

51 LustLizard the Magician (level 4, 0/31 HPs)
             Began as a Djinni Air Elementalist on Nov 21, 2022.
             Killed from afar by Sigmund (9 damage)
             ... with a magic dart
             ... on level 2 of the Dungeon.
             The game lasted 00:04:02 (1632 turns).

LustLizard the Magician (Djinni Air Elementalist)   Turns: 1632, Time: 00:04:02

Health: 0/31       AC:  3    Str:  7    XL:     4   Next: 7%
Gold:   95         EV: 12    Int: 19    God:
                   SH:  0    Dex: 13

rFire   + + .      SeeInvis .   i - staff of air
rCold   x . .      Faith    .   (no shield)
rNeg    . . .      Spirit   .   c - +0 leather armour
rPois   ∞          Reflect  .   (no helmet)
rElec   +          Harm     .   (no cloak)
rCorr   .          Rampage  .   (no gloves)
Will    .....                   (boots unavailable)
Stlth   ++........              (no amulet)
HPRegen 0.10/turn               (no ring)
MPRegen 0.00/turn               (no ring)

@: flying, very slightly contaminated
A: sickness immunity, fire resistance 2, cold vulnerability 1, float, innate
caster, HP casting, extra vitality 1
a: no special abilities


You were on level 2 of the Dungeon.
You visited 1 branch of the dungeon, and saw 2 of its levels.

You collected 95 gold pieces.

Inventory:

Armour
 a - a +0 robe
 c - a +0 leather armour (worn)
Magical Staves
 i - a staff of air (weapon)
Jewellery
 l - an amulet of faith
Scrolls
 g - a scroll of identify {unknown}
 k - 2 scrolls of poison {unknown}
Potions
 b - a potion of invisibility {unknown}
 d - a potion of heal wounds {unknown}
 e - a potion of lignification {unknown}
 f - a potion of haste {unknown}
 h - a potion of mutation {unknown}
 j - a potion of attraction {unknown}
 m - a potion of berserk rage {unknown}


   Skills:
 + Level 2.9 Dodging
 + Level 2.2 Stealth
 * Level 3.1 Spellcasting


You couldn't memorise any spells.
You knew the following spells:

 Your Spells              Type           Power      Damage    Failure   Level
a - Shock                 Conj/Air       88%        1d8       6%          1
b - Static Discharge      Conj/Air       22%        3-6/arc   10%         2
c - Swiftness             Air            22%        N/A       19%         3
d - Airstrike             Air            11%        2d(2-18)  54%         4
e - Sandblast             Erth           28%        2d8       6%          1
Your spell library was empty.

Dungeon Overview and Level Annotations

Branches:
Dungeon (2/15)

Altars:

Annotations:
D:2 Sigmund


Innate Abilities, Weirdness & Mutations

You are immune to sickness and miasma.
You are immune to poison.
Your flesh is very heat resistant. (rF++)
You are vulnerable to cold. (rC-)
You float through the air rather than walking.
You learn spells naturally, not from books.
Your magical power is your life essence.
You have superior vitality. (+4 MHP)


Message History

You resist.
You are struck by an arc of lightning.
Sigmund is struck by an arc of lightning.
Sigmund is severely wounded.
The lightning grounds out.
Casting: Static Discharge (safe; 10% risk of failure)
Confirm with . or Enter, or press ? or * to list all spells.
You feel a surge of power!
Sigmund is struck by an arc of lightning!
Sigmund is almost dead.
You resist.
You are struck by an arc of lightning.
The lightning grounds out.
Sigmund hits you but does no damage.
Casting: Static Discharge (safe; 10% risk of failure)
Confirm with . or Enter, or press ? or * to list all spells.
You feel a surge of power!
You miscast Static Discharge.
You are very lightly contaminated with residual magic.
Nothing appears to happen.
Sigmund casts a spell at you.
You are confused.
You're too confused to cast spells.
You bump into the crystal wall.
Sigmund casts a spell.
Sigmund flickers and vanishes!
Deactivating autopickup; reactivate with Ctrl-A.
Unknown command.
You're too confused to cast spells.
Sorry, you're not good enough to have a special ability.
You're too confused to cast spells.
You barely miss something. Something hits you.
* * * LOW HITPOINT WARNING * * *
You bump into the rock wall.
You hear some strange, mumbled words.
A puff of flame appears from out of thin air!
The puff of flame hits you. You resist.
* * * LOW HITPOINT WARNING * * *
You bump into the rock wall.
You feel less confused.
You hear some strange, mumbled words.
A magic dart appears from out of thin air!
The magic dart hits you!
You die...

..#.##..#.##..#.##...#
.##. .. #.#..##.#..##
## . ##. ..##....###
#. .##.#..##.#.#
##..#.##..# .
#....#####
#..#.##....#
#).##.#..#...#
#..@.### .# #..##{#
#..# #..# ... ..## .
##. . .. ##


There were no monsters in sight!

Vanquished Creatures
  An adder (D:2)
  A dart slug (D:2)
  A ball python (D:1)
  A bat (D:1)
  An endoplasm (D:1)
  A giant cockroach (D:1)
  7 goblins
  3 hobgoblins
  10 jackals
  A quokka (D:2)
  A frilled lizard (D:1)
  3 kobolds
  A rat (D:1)
32 creatures vanquished.

Notes
Turn   | Place    | Note
-------+----------+-------------------------------------------
     0 | D:1      | LustLizard the Djinni Air Elementalist began the quest for
                  | the Orb.
     0 | D:1      | LustLizard set off with the following spells memorised:
                  | Shock, Static Discharge, Swiftness, Airstrike.
     0 | D:1      | Reached XP level 1. HP: 15/15 MP: 0/0
   243 | D:1      | Reached XP level 2. HP: 18/21 MP: 0/0
   740 | D:1      | Reached XP level 3. HP: 22/25 MP: 0/0
   740 | D:1      | Learned a level 1 spell: Sandblast
  1368 | D:2      | Reached skill level 3 in Spellcasting
  1395 | D:2      | Found a faded altar of an unknown god.
  1590 | D:2      | Reached XP level 4. HP: 30/31 MP: 0/0
  1614 | D:2      | Noticed Sigmund
  1632 | D:2      | Killed from afar by Sigmund

Illustrated notes

Levels and vault maps discovered:
D:1:      dpeg_arrival_another_circle, layout_loops_ring
D:2:      layout_rooms, basic_ecumenical_altar, nicolae_eternal_life,
          uniq_crazy_yiuf_cottage, uniq_sigmund, uniq_terence

Skill      XL: |  1  2  3 |
---------------+----------+-----
Stealth        | 2 |  2.2
Spellcasting   | 3 |  3.1
Dodging        | |  2.9

Action                   |  1- 3 |  4- 6 || total
-------------------------+-------+-------++-------
Melee: Unarmed           |     1 |       ||     1
       Staff             |       |     2 ||     2
 Cast: Shock             |    57 |     3 ||    60
       Static Discharge  |     1 |     3 ||     4
Armor: Leather armour    |     2 |     2 ||     4
Dodge: Dodged            |     8 |     1 ||     9
